 Dungeon Crawl Stone Soup version 0.25-a0-1007-g10a8c3caa8 (webtiles) character file.

Game seed: 1613620543250976898, levelgen mode: deterministic

773 Flugslaktarn the Chopper (level 7, -8/62 HPs)
             Began as a Minotaur Fighter on May 11, 2020.
             Mangled by an ogre
             ... wielding a cursed -2 giant club
              (21 damage)
             ... on level 5 of the Dungeon.
             The game lasted 00:01:11 (3181 turns).

Flugslaktarn the Chopper (Minotaur Fighter)         Turns: 3181, Time: 00:01:12

Health: -8/62      AC:  7    Str: 20    XL:     7   Next: 53%
Magic:  6/6        EV:  7    Int:  5    God:
Gold:   96         SH: 10    Dex: 12    Spells: 6/6 levels left

rFire    . . .     SeeInvis .   a - +0 war axe
rCold    . . .     Gourm    .   c - +0 kite shield
rNeg     . . .     Faith    .   b - +0 scale mail
rPois    .         Spirit   .   (helmet restricted)
rElec    .         Reflect  .   (no cloak)
rCorr    +         Harm     .   (no gloves)
MR       .....                  (no boots)
Stlth    ..........             (no amulet)
HPRegen  0.20/turn              k - ring of resist corrosion
MPRegen  0.10/turn              (no ring)

@: mighty
A: retaliatory headbutt, horns 2
a: no special abilities


You were on level 5 of the Dungeon.
You were not hungry.

You visited 1 branch of the dungeon, and saw 5 of its levels.

You collected 96 gold pieces.

Inventory:

Hand Weapons
 a - a +0 war axe (weapon)
Armour
 b - a +0 scale mail (worn)
 c - a +0 kite shield (worn)
Jewellery
 k - a ring of resist corrosion (left hand)
   (You found it on level 3 of the Dungeon)
 p - a +3 ring of evasion {unknown}
   (You found it on level 4 of the Dungeon)
Wands
 q - a wand of clouds (6)
   (You found it on level 4 of the Dungeon)
Scrolls
 f - a scroll of teleportation {unknown}
 i - 3 scrolls of remove curse {unknown}
 l - a scroll of magic mapping {unknown}
 n - a scroll of random uselessness {unknown}
 s - a scroll of noise {unknown}
 t - a scroll of fear {unknown}
 u - a scroll of fog {unknown}
Potions
 g - 2 potions of heal wounds {unknown}
 h - a potion of stabbing {unknown}
 j - 4 potions of magic {unknown}
 m - a potion of brilliance {unknown}
 o - a potion of degeneration {unknown}
 r - a potion of mutation {unknown}
Comestibles
 e - 6 rations
 v - 3 chunks of flesh


   Skills:
 + Level 5.7 Fighting
 * Level 6.8 Axes
 + Level 5.7 Armour
 + Level 5.8 Shields


You had 6 spell levels left.
You didn't know any spells.
Your spell library was empty.

Dungeon Overview and Level Annotations

Branches:
Dungeon (5/15)
 Temple: D:4-7

Altars:
Zin

Annotations:
D:5 Pikel


Innate Abilities, Weirdness & Mutations

You reflexively headbutt those who attack you in melee.
You have a pair of horns on your head.


Message History

You hit the slave.
The slave is almost dead.
Your shield prevents you from hitting the slave.
You barely miss Pikel. The slave hits you. You block Pikel's attack.
The slave hits you.
* * * LOW HITPOINT WARNING * * *
You are too injured to fight recklessly!
You are too injured to fight recklessly!
You are too injured to fight recklessly!
You are too injured to fight recklessly!
You are too injured to fight recklessly!
You are too injured to fight recklessly!
You are too injured to fight recklessly!
Unknown command.
Pikel hits you but does no damage. You block the slave's attack.
You feel very mighty all of a sudden. The slave hits you.
* * * LOW HITPOINT WARNING * * *
The ogre hits you with a cursed -2 giant club!!
You die...

.. ## ...##.#
..#....###
.............@.#
............O#p##
..........##.#pp#
###............p.# .
#.......#######..#
.###......# ### #..#
........#.#######..#
........#.'.._..'..#
# #.....#.###.###..#


You could see an ogre and 4 slaves.

Vanquished Creatures
  A centaur (D:5)
  3 ogres
  A howler monkey (D:4)
  A crimson imp (D:5)
  4 hounds
  2 orc priests
  2 iguanas (D:5)
  2 worker ants
  4 adders
  An ooze (D:3)
  An adder zombie (D:5)
  An adder skeleton (D:4)
  4 worms
  A leopard gecko (D:3)
  3 orcs (D:4)
  A giant cockroach (D:5)
  3 goblins
  2 hobgoblins
  2 kobolds (D:2)
  A quokka (D:4)
  2 ball pythons (D:4)
  A ball python skeleton (D:4)
  4 bats
  4 frilled lizards
  A giant cockroach zombie (D:4)
  A leopard gecko skeleton (D:4)
  3 rats (D:3)
56 creatures vanquished.

Notes
Turn   | Place    | Note
-------+----------+-------------------------------------------
     0 | D:1      | Flugslaktarn the Minotaur Fighter began the quest for the
                  | Orb.
     0 | D:1      | Reached XP level 1. HP: 19/19 MP: 0/0
   202 | D:2      | Reached XP level 2. HP: 27/27 MP: 1/1
   374 | D:2      | Reached skill level 3 in Axes
   565 | D:3      | Reached XP level 3. HP: 20/33 MP: 2/2
   871 | D:4      | Reached skill level 4 in Axes
   871 | D:4      | Reached XP level 4. HP: 20/40 MP: 3/3
  1062 | D:4      | Reached XP level 5. HP: 44/47 MP: 4/4
  1719 | D:4      | Noticed an ogre
  1724 | D:4      | Killed an ogre
  1724 | D:4      | Reached skill level 5 in Axes
  1724 | D:4      | Reached XP level 6. HP: 47/55 MP: 5/5
  1989 | D:5      | Entered Level 5 of the Dungeon
  2012 | D:5      | Reached skill level 5 in Shields
  2020 | D:5      | Reached skill level 5 in Fighting
  2020 | D:5      | Reached skill level 5 in Armour
  2567 | D:5      | Reached skill level 6 in Axes
  2567 | D:5      | Reached XP level 7. HP: 7/61 MP: 6/6
  3160 | D:5      | Found a glowing silver altar of Zin.
  3170 | D:5      | Noticed Pikel
  3181 | D:5      | Mangled by an ogre

Illustrated notes

Levels and vault maps discovered:
D:1:      nicolae_arrival_washed_ashore, layout_basic, minmay_tetromino_s2
D:2:      layout_loops_ring, first_ration
D:3:      lemuel_upstairs_altar, layout_loops_corners, minmay_circle_x
D:4:      layout_basic, serial_park_tiny_pond, kennysheep_cross_room,
          kennysheep_generic_room_13
D:5:      layout_cave_pools, lemuel_doored_altar, minmay_temple_entry_fiery,
          hangedman_decor_opposing, chequers_serial_rivers_small_a,
          mrwooster_statue_mirror, uniq_pikel, uniq_menkaure

Skill      XL: |  1  2  3  4  5  6 |
---------------+-------------------+-----
Axes           | 3 4 5 6 |  6.8
Fighting       | 4 5 |  5.7
Armour         | 4 5 |  5.7
Shields        | 4 5 |  5.8

Action                   |  1- 3 |  4- 6 |  7- 9 || total
-------------------------+-------+-------+-------++-------
Melee: War axe           |    88 |    77 |    25 ||   190
       Headbutt          |     8 |    13 |     6 ||    27
  Use: Potion            |       |       |     1 ||     1
  Eat: Chunk             |       |     4 |       ||     4
       Ration            |       |       |     1 ||     1
Armor: Scale mail        |    45 |    29 |     9 ||    83
Dodge: Dodged            |    18 |    18 |     8 ||    44
Block: Kite shield       |    45 |    43 |    13 ||   101

Table legend:
 A = Non-vault XP
 B = Vault XP
 C = Vault XP percentage of total XP
 D = Non-vault monster count
 E = Vault monster count
 F = Vault count percentage of total count
                 A         B        C        D         E       F
            +---------+---------+-------+---------+---------+-------
      Total |    1034 |      71 |   6.4 |      48 |       8 |  14.3
            +---------+---------+-------+---------+---------+-------
        D:1 |       1 |       0 |   0.0 |       1 |       0 |   0.0
        D:2 |      26 |       0 |   0.0 |      10 |       0 |   0.0
        D:3 |      19 |      26 |  57.8 |       7 |       6 |  46.2
        D:4 |     297 |      45 |  13.2 |      17 |       2 |  10.5
        D:5 |     691 |       0 |   0.0 |      13 |       0 |   0.0
            +---------+---------+-------+---------+---------+-------
